 Dungeon Crawl Stone Soup version 0.19.0-20-gbc5f0c6 (webtiles) character file.

92 JeffiDaFish the Shield-Bearer (level 4, -1/28 HPs)
             Began as a Gargoyle Fighter on Nov 18, 2016.
             Killed from afar by Sigmund (9 damage)
             ... with a magic dart
             ... on level 2 of the Dungeon.
             The game lasted 00:02:43 (1272 turns).

JeffiDaFish the Shield-Bearer (Gargoyle Fighter)    Turns: 1272, Time: 00:02:44

Health: -1/28      AC: 10    Str: 25    XL:     4   Next: 60%
Magic:  4/4        EV:  8    Int:  9    God:
Gold:   78         SH:  9    Dex:  9    Spells: 0 memorised, 3 levels left

rFire  x . .     SeeInvis .     a - +0 long sword
rCold  + . .     Gourm    .     b - +0 scale mail
rNeg   + . .     Faith    .     c - +0 shield
rPois  ∞         Spirit   .     (no helmet)
rElec  +         Reflect  .     (no cloak)
rCorr  .         Harm     .     (no gloves)
MR     .....                    (no boots)
Stlth  ..........               (no amulet)
                                (no ring)
                                k - ring of ice

@: mighty
A: negative energy resistance 1, electricity resistance, unbreathing,
petrification resistance, rot immunity, AC +3
a: no special abilities


You were on level 2 of the Dungeon.
You were hungry.

You visited 1 branch of the dungeon, and saw 2 of its levels.

You collected 78 gold pieces.

Inventory:

Hand Weapons
 a - a +0 long sword (weapon)
Armour
 b - a +0 scale mail (worn)
 c - a +0 shield (worn)
Jewellery
 k - a ring of ice (left hand)
Scrolls
 e - 3 scrolls of identify
 j - a scroll of amnesia
Comestibles
 f - 2 bread rations
 g - a meat ration


   Skills:
 + Level 3.5 Fighting
 + Level 3.0 Long Blades
 + Level 3.8 Armour
 + Level 0.5 Dodging
 + Level 0.2 Stealth
 + Level 4.0 Shields


You had 3 spell levels left.
You didn't know any spells.

Dungeon Overview and Level Annotations

Branches:
Dungeon (2/15)

Altars:

Annotations:
D:2 Sigmund


Innate Abilities, Weirdness & Mutations

You are resistant to torment.
Your stone body is resilient. (AC +3)
You are immune to poison.
You resist negative energy. (rN+)
You are resistant to electric shocks. (rElec)
You can survive without breathing.
You are immune to petrification.
You are immune to rotting.


Message History

Your Shields skill increases to level 4!
You block Sigmund's attack.
Sigmund casts a spell.
Sigmund flickers and vanishes!
Deactivating autopickup; reactivate with Ctrl-A.
Things that are here:
an adder corpse; a giant cockroach corpse You hit something.
Something hits you.
You miss something. Something hits you!
* * * LOW HITPOINT WARNING * * *
You hit something. Something hits you but does no damage.
You closely miss something. Something hits you but does no damage.
Your shield and scale mail prevent you from hitting something.
You hear some strange, mumbled words.
Something tries to affect you, but you resist.
You closely miss something.
You hear some strange, mumbled words.
A magic dart appears from out of thin air!
The magic dart hits you!
You die...

###......###........# ..
#.......###........# ...
#..................## ....
#....................
....#####........(...........
+...............###..........
+.........##...#...##########
.....$....####.#...# .
..#+###..†h{@......# ..
........#.####..#..# ...
....#........#.....# ...
........#)##.##.##.#
#).#..............########
#......h###....#.........#
##...... #....#.........###
..$.......>...#............
.....##.#.....########.....


You could see a jackal.

Vanquished Creatures
  5 adders (D:2)
  2 worms (D:2)
  A dart slug (D:2)
  A leopard gecko (D:2)
  4 bats
  6 giant cockroaches
  3 goblins
  2 hobgoblins (D:1)
  5 jackals
  A quokka (D:2)
  4 frilled lizards
  5 rats
39 creatures vanquished.

Notes
Turn   | Place    | Note
-------+----------+-------------------------------------------
     0 | D:1      | JeffiDaFish the Gargoyle Fighter began the quest for the Orb.
     0 | D:1      | Reached XP level 1. HP: 14/14 MP: 1/1
   222 | D:1      | Reached XP level 2. HP: 16/19 MP: 2/2
   843 | D:2      | Reached XP level 3. HP: 22/23 MP: 3/3
   947 | D:2      | Found a faded altar of an unknown god.
  1006 | D:2      | Reached XP level 4. HP: 28/28 MP: 4/4
  1223 | D:2      | Noticed Sigmund
  1265 | D:2      | Reached skill level 4 in Shields
  1272 | D:2      | Killed from afar by Sigmund

Skill      XL: |  1  2  3  4 |
---------------+-------------+-----
Long Blades    | 2 3 |  3.0
Shields        | 4 |  4.0
Fighting       | |  3.5
Armour         | |  3.8
Dodging        | |  0.5
Stealth        | |  0.2

Action                   |  1- 3 |  4- 6 || total
-------------------------+-------+-------++-------
Melee: Long sword        |   105 |    52 ||   157
  Use: Scroll            |     4 |     1 ||     5
       Potion            |     3 |     3 ||     6
  Eat: Chunk             |     1 |       ||     1
Armor: Scale mail        |    56 |    32 ||    88
Dodge: Dodged            |    37 |    16 ||    53
Block: Shield            |    58 |    33 ||    91
       Rpst.: Long sword |    13 |     2 ||    15
